 Dungeon Crawl Stone Soup version 0.29-a0-25-g7f48f510a0 (webtiles) character file.

Game seed: 13054832016281368934

19 mitchisshort the Shield-Bearer (level 2, -1/25 HPs)
             Began as a Demigod Fighter on Feb 1, 2022.
             Slain by a kobold (5 damage)
             ... on level 1 of the Dungeon.
             The game lasted 00:03:41 (513 turns).

mitchisshort the Shield-Bearer (Demigod Fighter)     Turns: 513, Time: 00:03:42

Health: -1/25      AC:  6    Str: 17    XL:     2   Next: 39%
Magic:  4/4        EV:  9    Int: 10    God:
Gold:   38         SH:  4    Dex: 13    Spells: 1/1 levels left

rFire   . . .      SeeInvis .   a - +0 rapier
rCold   . . .      Faith    .   c - +0 buckler
rNeg    . . .      Spirit   .   b - +0 scale mail
rPois   .          Reflect  .   (no helmet)
rElec   .          Harm     .   (no cloak)
rCorr   .          Rampage  .   (no gloves)
Will    .....                   (no boots)
Stlth   ..........              (no amulet)
HPRegen 0.08/turn               (no ring)
MPRegen 0.09/turn               (no ring)

@: no status effects
A: high MP 1, forlorn, divine attributes
a: no special abilities


You were on level 1 of the Dungeon.
You visited 1 branch of the dungeon, and saw 1 of its levels.

You collected 38 gold pieces.

Inventory:

Hand Weapons
 a - a +0 rapier (weapon)
 e - a +0 short sword
 f - a +0 spear
 g - a +0 short sword
 h - a +0 club
 k - a +0 short sword
 m - a +0 dagger
Missiles
 l - 17 arrows
Armour
 b - a +0 scale mail (worn)
 c - a +0 buckler (worn)
 i - a +0 ring mail
Potions
 d - a potion of might
 j - a potion of curing {unknown}


   Skills:
 + Level 2.8 Fighting
 + Level 2.0 Short Blades
 + Level 2.9 Armour
 + Level 3.1 Shields


You had one spell level left.
You didn't know any spells.
Your spell library was empty.

Dungeon Overview and Level Annotations

Branches:
Dungeon (1/15)


Innate Abilities, Weirdness & Mutations

You have an increased reservoir of magic. (+10% MP)
You shall have no god before yourself.
Your divine heritage dramatically boosts your attributes as you level up.


Message History

You hit the kobold.
You kill the kobold!
The kobold barely misses you. You block the hobgoblin's attack.
You see here a +0 dagger.
m - a +0 dagger You block the kobold's attack.
The hobgoblin closely misses you.
You hit the kobold.
The kobold is moderately wounded.
You block the kobold's attack. The hobgoblin barely misses you.
You closely miss the kobold.
The kobold is moderately wounded.
The kobold hits you with a +0 short sword.
The hobgoblin hits you. You block the giant cockroach's attack.
You hit the giant cockroach.
The giant cockroach is almost dead.
The kobold hits you but does no damage. The hobgoblin completely misses you.
The giant cockroach closely misses you. You block the kobold's attack.
You hit the giant cockroach but do no damage.
The giant cockroach is almost dead.
The giant cockroach barely misses you. The hobgoblin barely misses you.
The kobold hits you but does no damage.
You barely miss the giant cockroach.
The giant cockroach is almost dead.
The giant cockroach bites you. The hobgoblin barely misses you.
The kobold barely misses you. You block the giant cockroach's attack.
You barely miss the giant cockroach.
The giant cockroach is severely wounded.
The hobgoblin hits you. The giant cockroach bites you.
The kobold hits you with a +0 short sword.
* * * LOW HITPOINT WARNING * * *
The hobgoblin barely misses you.
You hit the giant cockroach.
The giant cockroach is almost dead.
The giant cockroach barely misses you. The kobold hits you but does no damage.
You block the hobgoblin's attack.
The giant cockroach bites you but does no damage.
You hit the giant cockroach.
You kill the giant cockroach!
The kobold hits you with a +0 short sword.
You die...

#.##############...#..
#>....................
#..........†.#######.#
#............# #.#
#.......†....# #.#
#............# #.#
#............# #.#
##...........# #.#
###.@######## #.# #gK#
#.. #..# ### #..# #
...# # ###.# # #.# #
#.# # #.# #


You could see a hobgoblin and a kobold.

Vanquished Creatures
  A dart slug (D:1)
  2 bats (D:1)
  An endoplasm (D:1)
  A giant cockroach (D:1)
  A goblin (D:1)
  A hobgoblin (D:1)
  2 jackals (D:1)
  2 ball pythons (D:1)
  A frilled lizard (D:1)
  3 kobolds (D:1)
  A rat (D:1)
16 creatures vanquished.

Notes
Turn   | Place    | Note
-------+----------+-------------------------------------------
     0 | D:1      | mitchisshort the Demigod Fighter began the quest for the
                  | Orb.
     0 | D:1      | Reached XP level 1. HP: 18/18 MP: 3/3
   243 | D:1      | Reached skill level 3 in Shields
   259 | D:1      | Reached XP level 2. HP: 17/25 MP: 4/4
   513 | D:1      | Slain by a kobold

Illustrated notes

Levels and vault maps discovered:
D:1:      heliophobic_arrival_enchanted_forest, layout_basic,
          minmay_shallow_snake_nest

Skill      XL: |  1  2 |
---------------+-------+-----
Shields        | 3 |  3.1
Short Blades   | 2 |  2.0
Fighting       | |  2.8
Armour         | |  2.9

Action                   || total
-------------------------++-------
Melee: Rapier            ||    51
Armor: Scale mail        ||    43
Dodge: Dodged            ||    50
Block: Buckler           ||    26

Table legend: (Time is in decaauts)
 A = Elapsed time spent in this place.
 B = Non-inter-level travel time spent in this place.
 C = Inter-level travel time spent in this place.
 D = Time resting spent in this place.
 E = Time spent auto-exploring this place.
 F = Levels seen in this place.
 G = Mean time per level.
                   A        B        C        D        E       F      G
               +--------+--------+--------+--------+--------+-----+--------+
         Total |    519 |    519 |      0 |     92 |      0 |   1 |  519.0 |
       Dungeon |    519 |    519 |      0 |     92 |      0 |   1 |  519.0 |
               +--------+--------+--------+--------+--------+-----+--------+

Top non-repeatable levels by time:
     D:1: 519 daAuts
